 Dungeon Crawl Stone Soup version 0.32-a0-630-g46d191b0ed (webtiles) character file.

Game seed: 1352675558223451376

1164 ezpacito the Trooper (level 8, -3/61 HPs)
             Began as a Coglin Chaos Knight on Mar 6, 2024.
             Was a Plaything of Xom.
             Slain by Eustachio
             ... wielding a +1 rapier of protection
              (12 damage)
             ... on level 4 of the Dungeon.
             The game lasted 00:08:24 (4239 turns).

ezpacito the Trooper (Coglin Chaos Knight)          Turns: 4239, Time: 00:08:24

Health: -3/61      AC:  5    Str: 17    XL:     8   Next: 40%
Magic:  9/9        EV: 13    Int: 11    God:    Xom [*.....]
Gold:   145        SH:  0    Dex: 14    Spells: 11/11 levels left

rFire   x . .        a - +0 hand axe (chaos) {Armando}
rCold   + + .        b - +0 trident {Vusi}
rNeg    . . .        w - +0 leather armour of Marbles {Harm Fly rC++ Str+2}
rPois   .            (helmet restricted)
rElec   .            r - +1 cloak
rCorr   .            (no gloves)
SInv    .            (no boots)
Will    .....        (amulet unavailable)
Stlth   ++           (ring unavailable)
HPRegen 0.30/turn    (ring unavailable)
MPRegen 0.11/turn    (no gizmo)

%: harm (+30% outgoing, +20% incoming)
@: mighty, flying, revved
A: off-hand wielding, slow wielding, warmup strikes, no jewellery, antennae 2,
low MP 1, heat vulnerability 1
a: Invent Gizmo, Renounce Religion


You were on level 4 of the Dungeon.
You worshipped Xom.
You were a special plaything of Xom.
You visited 1 branch of the dungeon, and saw 4 of its levels.
You also visited: Ossuary.

You collected 278 gold pieces.
You spent 133 gold pieces at shops.

Inventory:

Hand Weapons
 a - a +0 hand axe of chaos (weapon) {Armando}
 b - a +0 trident (offhand) {Vusi}
Missiles
 f - 4 poisoned darts
 p - 3 javelins (quivered)
Armour
 c - a +0 chain mail
 r - a +1 cloak (worn)
 w - the +0 leather armour of Marbles (worn) {Harm Fly rC++ Str+2}
   (You bought it in a shop on level 1 of the Dungeon)

   Str+2:     It affects your strength (+2).
   rC++:      It greatly protects you from cold.
   Fly:       It grants you flight.
   Harm:      It increases damage dealt and taken.
Magical Staves
 m - a staff of cold
Wands
 u - a wand of mindburst (11)
Scrolls
 e - 3 scrolls of amnesia
 k - a scroll of poison
 s - a scroll of fog
 t - a scroll of teleportation
 x - a scroll of noise
 B - a scroll of blinking
Potions
 g - a potion of haste {unknown}
 h - a potion of cancellation
 j - a potion of berserk rage {unknown}
 n - 2 potions of heal wounds {unknown}
 o - a potion of brilliance {unknown}
 q - 2 potions of curing
 v - a potion of lignification {unknown}


   Skills:
 * Level 4.9 Fighting
 * Level 4.9(5.2) Axes
 + Level 2.2(3.6) Polearms
 * Level 3.8 Armour
 * Level 3.6 Dodging
 + Level 2.2 Stealth
 + Level 2.0 Spellcasting
 + Level 3.4 Evocations


You had 11 spell levels left.
You didn't know any spells.
Your spell library contained the following spells:

 Spells                   Type           Power      Damage    Failure   Level
 Kiss of Death            Conj/Necr      4%         2d5       34%         1
 Slow                     Hex            4%         N/A       34%         1
 Ensorcelled Hibernation  Hex/Ice        2%         N/A       45%         2
 Confusing Touch          Hex            1%         N/A       71%         3
 Ozocubu's Armour         Ice            1%         N/A       71%         3
 Passwall                 Erth           1%         N/A       71%         3
 Sigil of Binding         Hex            1%         N/A       71%         3
 Swiftness                Air            1%         N/A       71%         3
 Vampiric Draining        Necr           1%         2d6       71%         3
 Flame Wave               Conj/Fire      1%         2d4       98%         4
 Curse of Agony           Necr           1%         N/A       100%        5
 Metabolic Englaciation   Hex/Ice        0%         N/A       100%        5
 Sculpt Simulacrum        Ice/Alch       0%         N/A       100%        6
 Fire Storm               Conj/Fire      0%         6d1       100%        9


Dungeon Overview and Level Annotations

Branches:
Dungeon (4/15)             Temple (0/1) D:4         Ossuary (visited)

Altars:
Xom

Shops:
D:1 [

Annotations:
D:4 Eustachio


Innate Abilities, Weirdness & Mutations

You can wield a second weapon in your off-hand.
It takes a long time for you to wield or remove held weapons.
Your first few attacks do less damage.
You cannot equip rings or amulets.
You have a pair of antennae on your head.
Your magical capacity is low. (-10% MP)
You are vulnerable to heat. (rF-)


Message History

You are too injured to fight recklessly!
You are too injured to fight recklessly!
You are too injured to fight recklessly!
There are monsters nearby!
You are too injured to fight recklessly!
You miss Eustachio with your +0 trident.
Eustachio is heavily wounded.
You closely miss Eustachio with your +0 hand axe of chaos.
Eustachio closely misses you.
The kobold throws a stone.
The stone closely misses you.
Eustachio hits you with a +1 rapier of protection.
You take 5 damage, and have 29/61 hp.
You miss Eustachio with your +0 hand axe of chaos.
Eustachio is heavily wounded.
You hit Eustachio but do no damage. Eustachio misses you.
Eustachio hits you with a +1 rapier of protection.
You take 2 damage, and have 27/61 hp.
You miss Eustachio with your +0 hand axe of chaos.
Eustachio is heavily wounded.
You closely miss Eustachio with your +0 trident.
Eustachio hits you with a +1 rapier of protection.
You take 4 damage, and have 23/61 hp.
You hit Eustachio but do no damage.
Eustachio is heavily wounded.
You closely miss the kobold with your +0 hand axe of chaos.
You barely miss Eustachio with your +0 trident.
Eustachio hits the kobold with a +1 rapier of protection!!
The kobold dies!
Eustachio completely misses you.
You feel very mighty all of a sudden.
Eustachio hits you with a +1 rapier of protection!
* * * LOW HITPOINT WARNING * * *
You take 13 damage, and have 11/61 hp.
MASSIVE DAMAGE!!
You closely miss Eustachio with your +0 hand axe of chaos.
Eustachio is heavily wounded.
You barely miss Eustachio with your +0 trident.
Eustachio hits you with a +1 rapier of protection.
* * * LOW HITPOINT WARNING * * *
Eustachio hits you with a +1 rapier of protection!
You die...

#####......##....#........#
###+#####....##.......#
.....##....<.##
#.....#........#
#....##.......#
########.......# ..
#.....##....###### ...
#..@.##....####.#
...##.$@.#..)..#....#
.........#.....'..<#####
.........#.....#...#.'.#
.........#.....#...###'#
.........#.....#...#.'..
.####....##...########..
###....##...## #.'..
>.............# #.#'#
...............### #.#.#


You could see the neutral Eustachio (fast, strong, frenzied).

Vanquished Creatures
  Sigmund (D:3)
  A phantom (D:4)
  A weeping skull (Ossuary)
  2 elf zombies (D:4)
  An elf skeleton (D:4)
  A water moccasin zombie (Ossuary)
  2 centaur zombies (Ossuary)
  A hound (D:4)
  2 bullfrog zombies (Ossuary)
  2 jellies (D:4)
  Jessica (D:3)
  3 human skeletons (D:4)
  Ijyb (D:3)
  An orc wizard (D:3)
  Natasha (twice) (D:3)
  5 adders
  4 gnolls (D:3)
  5 adder zombies (Ossuary)
  3 dart slugs
  A ribbon worm (D:2)
  4 orcs (D:3)
  5 ball pythons (D:1)
  11 endoplasms
  3 giant cockroaches
  A gnoll zombie (Ossuary)
  3 goblins (D:1)
  5 hobgoblins
  7 jackals
  2 quokkas (D:1)
  6 bats
  4 frilled lizards
  3 goblin zombies (Ossuary)
  3 hobgoblin zombies (Ossuary)
  10 kobolds
  8 orc zombies (Ossuary)
  6 rats
121 creatures vanquished.

Vanquished Creatures (collateral kills)
  A kobold (D:4)
1 creature vanquished.

Grand Total: 122 creatures vanquished

Notes
Turn   | Place    | Note
-------+----------+-------------------------------------------
     0 | D:1      | ezpacito the Coglin Chaos Knight began the quest for the
                  | Orb.
     0 | D:1      | Reached XP level 1. HP: 18/18 MP: 1/1
    70 | D:1      | Reached skill level 1 in Dodging
   146 | D:1      | Found Xoxkimma's Antique Armour Emporium.
   207 | D:1      | Reached XP level 2. HP: 22/24 MP: 2/2
   305 | D:1      | HP: 1/24 [quokka (1)]
   340 | D:1      | XOM: silly message
   582 | D:1      | Reached XP level 3. HP: 27/29 MP: 3/3
  1018 | D:2      | Found a shimmering altar of Xom.
  2000 | D:3      | Reached XP level 4. HP: 35/35 MP: 4/4
  2113 | D:3      | XOM: scenery: summon butterflies
  2315 | D:3      | XOM: confuse monster(s)
  2326 | D:3      | Reached skill level 1 in Evocations
  2435 | D:3      | XOM: give mutation
  2435 | D:3      | Gained mutation: You have a pair of small antennae on your
                  | head. [Xom's grace]
  2462 | D:3      | Reached XP level 5. HP: 40/41 MP: 6/6
  2473 | D:3      | Noticed Jessica
  2478 | D:3      | Killed Jessica
  2479 | D:3      | Reached skill level 1 in Stealth
  2491 | D:3      | XOM: scenery: 1 doors open, 1 doors close
  2632 | D:3      | Noticed Ijyb
  2639 | D:3      | XOM: enchant monster (good)
  2642 | D:3      | Killed Ijyb
  2643 | D:3      | Reached skill level 1 in Polearms
  2740 | D:3      | Noticed Sigmund
  2760 | D:3      | Killed Sigmund
  2761 | D:3      | Reached skill level 1 in Spellcasting
  2761 | D:3      | Reached XP level 6. HP: 17/48 MP: 7/7
  2953 | D:3      | Noticed Natasha
  2967 | D:3      | XOM: enchant monster (good)
  2970 | D:3      | Killed Natasha
  3019 | D:3      | XOM: divination: detect creatures
  3222 | D:1      | Bought a pitted leather armour for 133 gold pieces
  3222 | D:1      | Identified the +0 leather armour of Marbles {Harm Fly rC++
                  | Str+2} (You bought it in a shop on level 1 of the Dungeon)
  3267 | D:1      | XOM: scenery: create altars
  3452 | D:3      | Noticed Natasha
  3456 | D:3      | XOM: silly message
  3458 | D:3      | Killed Natasha
  3542 | D:4      | Found a staircase to the Ecumenical Temple.
  3572 | D:4      | XOM: god gift: chain mail {god gift}
  3608 | D:4      | Reached XP level 7. HP: 54/54 MP: 8/8
  3718 | D:4      | Got Sif Muna's Meditations on the Sun and Black Rituals
  3889 | D:4      | XOM: noise
  3916 | D:4      | Found a sand-covered staircase.
  3938 | D:4      | Reached XP level 8. HP: 35/61 MP: 10/10
  3967 | Ossuary  | Entered an ossuary
  3991 | Ossuary  | XOM: give mutation
  3991 | Ossuary  | Gained mutation: You have a pair of antennae on your head.
                  | [Xom's mischief]
  4124 | Ossuary  | XOM: noise
  4147 | Ossuary  | Noticed a silent spectre
  4176 | Ossuary  | XOM: give mutations
  4176 | Ossuary  | Gained mutation: Your magical capacity is low. (-10% MP)
                  | [Xom's mischief]
  4176 | Ossuary  | Gained mutation: You are vulnerable to heat. (rF-) [Xom's
                  | mischief]
  4223 | D:4      | Noticed Eustachio
  4239 | D:4      | Slain by Eustachio

Illustrated notes

Levels and vault maps discovered:
D:1:      kennysheep_arrival_seaside, layout_loops_ring, serial_shops, shop,
          nicolae_hexahallways
D:2:      layout_loops_corners, basic_altar
D:3:      layout_basic, uniq_sigmund, uniq_jessica, uniq_ijyb, uniq_natasha
D:4:      cheibrodos_fertilizer, layout_gridville, minmay_temple_entry_trees,
          nicolae_ossuary_entry_catacombs, uniq_eustachio

Skill      XL: |  1  2  3  4  5  6  7  8 |
---------------+-------------------------+-----
Dodging        | 1 2 3 |  3.6
Armour         | 2 3 |  3.8
Evocations     | 1 2 3 |  3.4
Stealth        | 1 2 |  2.2
Polearms       | 1 2 |  2.2
Spellcasting   | 1 2 |  2.0
Fighting       | 4 |  4.9
Axes           | 4 |  4.9

Action                     |  1- 3 |  4- 6 |  7- 9 || total
---------------------------+-------+-------+-------++-------
  Melee: Hand axe          |    77 |    65 |   126 ||   268
         Dagger            |    41 |       |       ||    41
         Spear             |    35 |    70 |       ||   105
         Trident           |       |     4 |   126 ||   130
    Use: Scroll            |     1 |    10 |     2 ||    13
         Potion            |       |     2 |     1 ||     3
   Stab: Sleeping          |     1 |       |     3 ||     4
         Confused          |       |     1 |     1 ||     2
         Distracted        |       |       |     3 ||     3
         Paralysed         |       |       |     3 ||     3
 Armour: Leather armour    |    36 |    47 |    65 ||   148
  Dodge: Dodged            |    42 |    25 |    65 ||   132

Table legend: (Time is in decaauts)
 A = Elapsed time spent in this place.
 B = Non-inter-level travel time spent in this place.
 C = Inter-level travel time spent in this place.
 D = Time resting spent in this place.
 E = Time spent auto-exploring this place.
 F = Levels seen in this place.
 G = Mean time per level.
                   A        B        C        D        E       F      G
               +--------+--------+--------+--------+--------+-----+--------+
         Total |   4269 |   3933 |    336 |     71 |   2729 |   5 |  853.8 |
       Dungeon |   4032 |   3696 |    336 |     71 |   2667 |   4 | 1008.0 |
       Ossuary |    236 |    236 |      0 |      0 |     62 |   1 |  236.0 |
               +--------+--------+--------+--------+--------+-----+--------+

Top non-repeatable levels by time:
     D:3: 1389 daAuts
     D:1: 1134 daAuts
     D:2: 1021 daAuts
     D:4: 487 daAuts
 Ossuary: 236 daAuts
